 Dungeon Crawl Stone Soup version 0.29-a0-284-gf9362112df (webtiles) character file.

Game seed: 3771902134957691300

14 sammy202020 the Skirmisher (level 2, 22/24 HPs)
             Began as a Demonspawn Berserker on Mar 31, 2022.
             Was a Follower of Trog.
             Quit the game on level 1 of the Dungeon.
             The game lasted 00:00:31 (479 turns).

sammy202020 the Skirmisher (Demonspawn Berserker)    Turns: 479, Time: 00:00:32

Health: 22/24      AC:  2    Str: 17    XL:     2   Next: 31%
Magic:  2/2        EV: 12    Int:  8    God:    Trog [*.....]
Gold:   0          SH:  0    Dex: 12    Spells: 1/1 levels left

rFire   . . .      SeeInvis .   a - +0 hand axe
rCold   . . .      Faith    .   (no shield)
rNeg    . . .      Spirit   .   b - +0 animal skin
rPois   .          Reflect  .   (no helmet)
rElec   .          Harm     .   (no cloak)
rCorr   .          Rampage  .   (no gloves)
Will    .....                   (no boots)
Stlth   +.........              (no amulet)
HPRegen 0.08/turn               (no ring)
MPRegen 0.08/turn               (no ring)

@: no status effects
A: demonic magic 1
a: Renounce Religion, Berserk


You were on level 1 of the Dungeon.
You worshipped Trog.
Trog was aware of your devotion.
You visited 1 branch of the dungeon, and saw 1 of its levels.

Inventory:

Hand Weapons
 a - a +0 hand axe (weapon)
Armour
 b - a +0 animal skin (worn)
 c - a +0 kite shield
Scrolls
 d - a scroll of magic mapping {unknown}


   Skills:
 * Level 3.2 Fighting
 * Level 2.9 Axes
 * Level 2.1 Armour
 + Level 1.9 Dodging


You had one spell level left.
You didn't know any spells.
Your spell library was empty.

Dungeon Overview and Level Annotations

Branches:
Dungeon (1/15)

Altars:


Innate Abilities, Weirdness & Mutations

Spells you cast may paralyse adjacent enemies.


Message History

No target in view!
No target in view!
No target in view!
No target in view!
No target in view!
You see here a hobgoblin corpse.
A giant cockroach comes into view.
A giant cockroach is nearby!
A giant cockroach is nearby!
You hit the giant cockroach.
The giant cockroach is heavily wounded.
The giant cockroach misses you.
You hit the giant cockroach.
The giant cockroach is severely wounded.
The giant cockroach misses you. The giant cockroach bites you.
You barely miss the giant cockroach.
The giant cockroach is severely wounded.
The giant cockroach bites you but does no damage.
You hit the giant cockroach but do no damage.
The giant cockroach is severely wounded.
The giant cockroach closely misses you.
You hit the giant cockroach but do no damage.
The giant cockroach is heavily wounded.
The giant cockroach bites you. The giant cockroach closely misses you.
You slash the giant cockroach!
You kill the giant cockroach!
Trog accepts your kill.
No target in view!
No target in view!
No target in view!
No target in view!
No target in view!
No target in view!
No target in view!
No target in view!
No target in view!
No target in view!
No target in view!
No target in view!
Are you sure you want to abandon this character and quit the game? (Confirm with "yes".)

#.###..###......#
#..... ###)###..#
##...#.# #.##.#
#......).#
##+##.###.##.#
#.#.####.#
#.##........#
#.#.. ..#
#.######.#### #
######## ##.##
#†# #######
##...## #.#
.......###.....#
#.#
#..@......#####.#
##.####.........#
## ##.########
#.# #.# #.# #.#
... #.#


There were no monsters in sight!

Vanquished Creatures
  A dart slug (D:1)
  An endoplasm (D:1)
  A giant cockroach (D:1)
  5 hobgoblins (D:1)
  2 kobolds (D:1)
10 creatures vanquished.

Notes
Turn   | Place    | Note
-------+----------+-------------------------------------------
     0 | D:1      | sammy202020 the Demonspawn Berserker began the quest for
                  | the Orb.
     0 | D:1      | Reached XP level 1. HP: 18/18 MP: 1/1
     3 | D:1      | Noticed an electric eel
     4 | D:1      | Noticed an electric eel
   198 | D:1      | Gained mutation: Spells you cast may paralyse adjacent
                  | enemies. [demonic ancestry]
   198 | D:1      | Reached XP level 2. HP: 10/24 MP: 2/2
   479 | D:1      | Quit the game

Illustrated notes

Levels and vault maps discovered:
D:1:      arrival_aquarium_b, layout_loops_corners,
          dilly_ecumenical_altar_fadedgnrine

Skill      XL: |  1 |
---------------+----+-----
Armour         | 2 |  2.1
Fighting       | |  3.2
Axes           | |  2.9
Dodging        | |  1.9

Action                   || total
-------------------------++-------
Melee: Hand axe          ||    36
Armor: Animal skin       ||     5
Dodge: Dodged            ||    22

Table legend: (Time is in decaauts)
 A = Elapsed time spent in this place.
 B = Non-inter-level travel time spent in this place.
 C = Inter-level travel time spent in this place.
 D = Time resting spent in this place.
 E = Time spent auto-exploring this place.
 F = Levels seen in this place.
 G = Mean time per level.
                   A        B        C        D        E       F      G
               +--------+--------+--------+--------+--------+-----+--------+
         Total |    485 |    485 |      0 |      0 |    380 |   1 |  485.0 |
       Dungeon |    485 |    485 |      0 |      0 |    380 |   1 |  485.0 |
               +--------+--------+--------+--------+--------+-----+--------+

Top non-repeatable levels by time:
     D:1: 485 daAuts
